 Dungeon Crawl Stone Soup version 0.23.0 (webtiles) character file.

Game seed: 16843279683628225523

10993 Infinimo the Basher (level 12, -4/79 HPs)
             Began as a Kobold Berserker on Feb 9, 2019.
             Was a High Priest of Trog.
             Killed from afar by a tengu reaver (30 damage)
             ... with a bolt of acid
             ... on level 10 of the Dungeon.
             The game lasted 00:14:24 (12749 turns).

Infinimo the Basher (Kobold Berserker)             Turns: 12749, Time: 00:14:25

Health: -4/79      AC:  4    Str: 19    XL:     12   Next: 2%
Magic:  12/12      EV: 24    Int:  9    God:    Trog [*****.]
Gold:   273        SH:  0    Dex: 19    Spells: 11/11 levels left

rFire    + . .     SeeInvis .   n - +1 whip (venom)
rCold    + . .     Gourm    .   (shield restricted)
rNeg     . . .     Faith    .   b - +3 leather armour {rPois}
rPois    +         Spirit   .   v - +0 helmet
rElec    .         Reflect  .   B - scarf {rC+ rF+}
rCorr    .         Harm     .   f - +0 pair of gloves
MR       .....                  (no boots)
Stlth    +.........             o - amulet of magic regeneration
HPRegen  0.23/turn              a - +5 ring of strength
MPRegen  0.38/turn              (no ring)

@: about to teleport, corroded
A: small, carnivore
a: Berserk, Trog's Hand, Brothers in Arms, Renounce Religion


You were on level 10 of the Dungeon.
You worshipped Trog.
Trog was extremely pleased with you.
You were completely stuffed.

You visited 1 branch of the dungeon, and saw 10 of its levels.
You also visited: Ossuary.

You collected 635 gold pieces.
You spent 362 gold pieces at shops.

Inventory:

Hand Weapons
 n - a +1 whip of venom (weapon)
Armour
 b - a +3 leather armour of poison resistance (worn)
 f - a +0 pair of gloves (worn)
 v - a +0 helmet (worn)
 B - a scarf of resistance (worn)
Jewellery
 a - a +5 ring of strength (left hand)
 g - an uncursed ring of ice
 o - an amulet of magic regeneration (around neck)
Wands
 y - a wand of disintegration (10)
 C - a wand of iceblast (10)
Scrolls
 d - 8 scrolls of remove curse
 h - 5 scrolls of immolation
 i - 3 scrolls of amnesia
 p - 3 scrolls of teleportation
 t - a scroll of enchant armour
 w - a scroll of fear
 x - 4 scrolls of identify
 z - a scroll of enchant weapon
Potions
 e - 2 potions of might
 j - 2 potions of brilliance
 k - 4 potions of curing
 l - a potion of cancellation
 m - 2 potions of agility
 q - 2 potions of ambrosia
 r - 4 potions of haste
 s - 2 potions of flight
 u - 5 potions of heal wounds
 A - 2 potions of degeneration
Comestibles
 c - 19 rations
 D - a chunk of flesh


   Skills:
 + Level 10.6 Fighting
   Level 4.8 Short Blades
 * Level 11.4 Maces & Flails
 - Level 1.5 Armour
 + Level 11.1 Dodging


You had 11 spell levels left.
You didn't know any spells.
Your spell library was empty.

Dungeon Overview and Level Annotations

Branches:
Dungeon (10/15)            Temple (0/1) D:5            Lair (0/6) D:8
    Orc (0/2) D:10

Altars:
Elyvilon
Fedhas
Gozag
Kikubaaqudgha
Okawaru
Qazlal
Trog
The Shining One

Shops:
D:5 *   D:7 [**[

Annotations:
D:10 Garrluk's ghost, journeyman DEFE


Innate Abilities, Weirdness & Mutations

You are small and have problems with some larger weapons.
You are carnivorous and can eat meat at any time.


Message History

As you read the scroll of identify, it crumbles to dust.
A - 2 potions of degeneration
(D) Dungeon (T) Temple (L) Lair (O) Orcish Mines
Where to? (Enter - D:10, ? - help)
There is an open translucent door here.
The tengu reaver shouts!
The tengu reaver is too close now for your liking.
The tengu reaver mumbles some strange words.
The tengu reaver conjures a globe of magical energy!
A battlesphere comes into view.
The tengu reaver points at you and mumbles some strange words.
The bolt of acid hits you!!!
Ouch! That really hurt!
The acid corrodes you!
You are splashed with acid!
The battlesphere fires!
The barrage of energy hits you.
As you read the scroll of teleportation, it crumbles to dust.
You feel strangely unstable. The tengu reaver casts a spell at you.
The bolt of acid hits you!!
You die...

#.......#..........#### #...
#.......###........# #.##
####[#### #........# #.# #...#
########## #### #<### ##§#§§§###
#. #.# #§§§§§§#.# ## #####'######
#§§#§§§#'## ####### .........[.#
#§§#####..# #....##
...........####§@.Q*(..####....#.
....<......'..'........##......##
...........####........#..#....##
.......[...# #........'.##....##
...........# #.......^####...>#.
...........# ########## #....##
###'######## ####### #.# #[## #.#
##.##


You could see a tengu reaver and a battlesphere.

Vanquished Creatures
  Snorg (D:10)
  Fannar (D:10)
  Erolcha (D:9)
  A two-headed ogre (D:8)
  Pikel (D:8)
  Joseph (D:8)
  Maurice (D:8)
  Psyche (D:10)
  2 trolls (D:10)
  A hornet (D:9)
  Prince Ribbit (D:5)
  A hippogriff (D:7)
  9 yaks (D:10)
  Eustachio (D:5)
  A hungry ghost (D:8)
  Menkaure (D:5)
  A warg (D:10)
  A water moccasin (D:9)
  A hornet zombie (D:7)
  Duvessa (D:4)
  A sky beast (D:8)
  An ice beast (D:6)
  3 orc warriors
  A phantom (D:9)
  A black bear (D:10)
  3 centaurs
  5 ogres
  Blork the orc (D:6)
  2 big kobolds
  2 bullfrogs
  Dowan (D:4)
  A gnoll sergeant (D:6)
  2 water moccasin zombies (Ossuary)
  A scorpion (D:8)
  5 killer bees (D:9)
  A vampire bat (D:3)
  3 wights (D:8)
  3 howler monkeys
  3 crimson imps
  3 jellies
  A gnoll shaman (D:8)
  3 hounds
  Crazy Yiuf (D:5)
  5 orc priests
  A centaur skeleton (D:8)
  An iron imp (D:7)
  Natasha (thrice) (D:2)
  2 iguanas
  5 orc wizards
  5 worker ants
  Ijyb (D:5)
  A big kobold zombie (Ossuary)
  A hound skeleton (D:8)
  2 mummies (Ossuary)
  2 worker ant zombies
  12 gnolls
  8 adders
  2 shadow imps (D:7)
  An ooze (D:3)
  An adder skeleton (D:6)
  8 adder zombies (Ossuary)
  4 worms
  4 dart slugs
  3 fire bats (D:3)
  5 leopard geckos
  34 orcs
  2 spectral bats (D:3)
  18 bats
  3 bat skeletons (D:3)
  A bat zombie (D:3)
  2 giant cockroaches
  5 goblins
  13 hobgoblins
  14 jackals
  5 quokkas
  A ball python (D:6)
  A bat simulacrum (D:3)
  A frilled lizard (D:2)
  6 gnoll zombies (Ossuary)
  4 goblin skeletons (D:7)
  2 goblin zombies (D:7)
  8 hobgoblin zombies
  18 kobolds
  5 kobold zombies
  4 orc zombies (Ossuary)
  2 quokka skeletons
  8 rats
311 creatures vanquished.

Vanquished Creatures (others)
  3 slaves (D:8)
  A bullfrog (D:8)
  A hound zombie (D:7)
5 creatures vanquished.

Grand Total: 316 creatures vanquished

Notes
Turn   | Place    | Note
-------+----------+-------------------------------------------
     0 | D:1      | Infinimo the Kobold Berserker began the quest for the Orb.
     0 | D:1      | Reached XP level 1. HP: 14/14 MP: 1/1
    42 | D:1      | Reached XP level 2. HP: 19/19 MP: 2/2
   509 | D:1      | Reached XP level 3. HP: 23/23 MP: 3/3
  1055 | D:2      | Noticed Natasha
  1064 | D:2      | Killed Natasha
  1064 | D:2      | Reached ** piety under Trog
  1064 | D:2      | Reached XP level 4. HP: 29/29 MP: 4/4
  1111 | D:2      | Noticed Natasha
  1123 | D:2      | Killed Natasha
  1123 | D:2      | Reached skill level 1 in Maces & Flails
  1398 | D:2      | Noticed Natasha
  1404 | D:2      | Killed Natasha
  1404 | D:2      | Reached XP level 5. HP: 33/33 MP: 5/5
  2293 | D:3      | Reached XP level 6. HP: 39/39 MP: 6/6
  2314 | D:3      | Found an iron altar of Okawaru.
  2592 | D:3      | Reached *** piety under Trog
  3134 | D:3      | Reached skill level 5 in Fighting
  3310 | D:4      | Noticed Dowan
  3311 | D:4      | Noticed Duvessa
  3322 | D:4      | Reached XP level 7. HP: 43/44 MP: 7/7
  3327 | D:4      | Killed Duvessa
  3327 | D:4      | Reached skill level 5 in Dodging
  3332 | D:4      | Killed Dowan
  3506 | D:4      | Found a sand-covered staircase.
  3517 | Ossuary  | Entered an ossuary
  3718 | Ossuary  | Reached **** piety under Trog
  3931 | Ossuary  | Reached XP level 8. HP: 51/51 MP: 8/8
  4703 | D:4      | Found a blossoming altar of Fedhas.
  4703 | D:4      | Found an opulent altar of Gozag.
  4712 | D:4      | Found a white marble altar of Elyvilon.
  4714 | D:4      | Found a stormy altar of Qazlal.
  4717 | D:4      | Found an ancient bone altar of Kikubaaqudgha.
  4893 | D:5      | Entered Level 5 of the Dungeon
  4929 | D:5      | Noticed Eustachio
  4956 | D:5      | Killed Eustachio
  4956 | D:5      | Reached skill level 5 in Maces & Flails
  5079 | D:5      | Noticed Ijyb
  5093 | D:5      | Killed Ijyb
  5128 | D:5      | Found Payly's General Store.
  5464 | D:5      | Found a runed translucent door.
  5465 | D:5      | Noticed Crazy Yiuf
  5488 | D:5      | Found a staircase to the Ecumenical Temple.
  5519 | D:5      | Noticed Prince Ribbit
  5532 | D:5      | Killed Prince Ribbit
  5767 | D:5      | Noticed Menkaure
  5776 | D:5      | Killed Menkaure
  5776 | D:5      | Reached XP level 9. HP: 45/56 MP: 9/9
  6141 | D:5      | Killed Crazy Yiuf
  6672 | D:6      | Noticed Blork the orc
  6694 | D:6      | Killed Blork the orc
  6698 | D:6      | Reached ***** piety under Trog
  7582 | D:7      | Found Saer's General Store.
  7651 | D:7      | Noticed a hippogriff
  7992 | D:7      | Found a glowing golden altar of the Shining One.
  8102 | D:7      | Found Lokio's Assorted Antiques.
  8115 | D:7      | Bought a scroll labeled WUUZ VATEUK for 26 gold pieces
  8115 | D:7      | Bought a scroll of teleportation for 78 gold pieces
  8115 | D:7      | Bought a scroll labeled BOSAFO EKOSKI for 26 gold pieces
  8115 | D:7      | Bought a scroll labeled BARCHO MUETZ for 26 gold pieces
  8115 | D:7      | Bought a glowing robe for 96 gold pieces
  8143 | D:7      | Found Guofuih's Antique Armour Shop.
  8156 | D:7      | Bought a runed leather armour for 110 gold pieces
  8252 | D:7      | Killed a hippogriff
  8452 | D:7      | Reached XP level 10. HP: 56/64 MP: 10/10
  8477 | D:7      | Found Jus Xioj's Antique Armour Boutique.
  8852 | D:8      | Found a staircase to the Lair.
  8979 | D:8      | Noticed Maurice
  8998 | D:8      | Killed Maurice
  9169 | D:8      | Noticed Pikel
  9172 | D:8      | Noticed a two-headed ogre
  9180 | D:8      | Killed Pikel
  9190 | D:8      | Killed a two-headed ogre
  9254 | D:8      | Noticed Joseph
  9272 | D:8      | Killed Joseph
  9343 | D:8      | Found a bloodstained altar of Trog.
 10176 | D:9      | Reached XP level 11. HP: 71/71 MP: 11/11
 10256 | D:9      | Received a gift from Trog
 10469 | D:9      | Reached skill level 10 in Maces & Flails
 10611 | D:9      | Reached skill level 10 in Dodging
 10673 | D:9      | Noticed Erolcha
 10683 | D:9      | Killed Erolcha
 11052 | D:10     | Entered Level 10 of the Dungeon
 11055 | D:10     | Noticed Psyche
 11069 | D:10     | Killed Psyche
 11335 | D:10     | Reached skill level 10 in Fighting
 11418 | D:10     | Found a staircase to the Orcish Mines.
 11614 | D:10     | Noticed Fannar
 11633 | D:10     | Killed Fannar
 12073 | D:10     | Noticed Snorg
 12091 | D:10     | Killed Snorg
 12153 | D:10     | Received a gift from Trog
 12165 | D:10     | Reached XP level 12. HP: 78/78 MP: 12/12
 12325 | D:10     | Found a runed translucent door.
 12325 | D:10     | Noticed a tengu reaver
 12325 | D:10     | Noticed Garrluk's ghost (journeyman DEFE)
 12749 | D:10     | Killed from afar by a tengu reaver

Skill      XL: |  1  2  3  4  5  6  7  8  9 10 11 |
---------------+----------------------------------+-----
Dodging        | 3 4 5 6 8 9 11 | 11.1
Fighting       | 4 5 6 8 9 10 | 10.6
Maces & Flails | 1 2 3 4 6 7 9 11 | 11.4
Short Blades   | |  4.8
Armour         | |  1.5

Action                   |  1- 3 |  4- 6 |  7- 9 | 10-12 || total
-------------------------+-------+-------+-------+-------++-------
Melee: Short sword       |    56 |       |       |       ||    56
       Whip              |    10 |   231 |   608 |   583 ||  1432
Invok: Berserk           |     4 |     3 |    16 |    19 ||    42
  Use: Scroll            |       |     8 |     9 |     4 ||    21
       Potion            |       |       |       |     1 ||     1
 Stab: Sleeping          |     1 |     1 |     2 |     1 ||     5
       Distracted        |       |     1 |       |       ||     1
  Eat: Chunk             |     7 |    11 |    32 |    41 ||    91
       Ration            |       |       |       |     1 ||     1
Armor: Animal skin       |    12 |   100 |    64 |       ||   176
       Leather armour    |       |       |     4 |    67 ||    71
Dodge: Dodged            |    45 |   397 |   364 |   384 ||  1190
